 Dungeon Crawl Stone Soup version 0.30-a0-219-gf2db51d15e (webtiles) character file.

Game seed: 6890527871148183843

95 Iusername the Poker (level 4, -1/34 HPs)
             Began as a Merfolk Gladiator on Oct 6, 2022.
             Was an Initiate of Gozag.
             Slain by an orc priest
             ... wielding a +0 war axe
              (7 damage)
             ... on level 4 of the Dungeon.
             The game lasted 00:04:50 (3040 turns).

Iusername the Poker (Merfolk Gladiator)             Turns: 3040, Time: 00:04:51

Health: -1/34      AC:  4    Str: 16    XL:     4   Next: 66%
Magic:  4/4        EV: 13    Int:  7    God:    Gozag
Gold:   228        SH:  0    Dex: 15    Spells: 3/3 levels left

rFire   . . .      SeeInvis .    a - +0 trident
rCold   . . .      Faith    .    (no shield)
rNeg    . . .      Spirit   .    b - +0 leather armour
rPois   .          Reflect  .    c - +0 helmet
rElec   .          Harm     .    (no cloak)
rCorr   .          Rampage  .    (no gloves)
Will    .....                    (no boots)
Stlth   +.........               (no amulet)
HPRegen 0.25/turn                (no ring)
MPRegen 0.09/turn                (no ring)

@: gold aura, attractive
A: (nimble swimmer 2), mertail
a: Renounce Religion, Potion Petition, Call Merchant, Bribe Branch


You were on level 4 of the Dungeon.
You worshipped Gozag.
Gozag was aware of your devotion.
You visited 1 branch of the dungeon, and saw 4 of its levels.

You collected 310 gold pieces.
You paid 82 gold pieces to Gozag.

Inventory:

Hand Weapons
 a - a +0 trident (weapon)
Missiles
 d - 3 throwing nets (quivered)
 e - a javelin
Armour
 b - a +0 leather armour (worn)
 c - a +0 helmet (worn)
Jewellery
 l - a ring of flight
Wands
 s - a wand of charming (6)
Scrolls
 f - 6 scrolls of identify {unknown}
 h - a scroll of fear {unknown}
 i - a scroll of silence {unknown}
 k - a scroll of magic mapping {unknown}
 n - a scroll of summoning {unknown}
 q - a scroll of immolation {unknown}
 r - 3 scrolls of teleportation {unknown}
 u - a scroll of torment {unknown}
Potions
 g - a potion of cancellation {unknown}
 j - a potion of haste {unknown}
 o - a potion of ambrosia {unknown}
 p - a potion of lignification {unknown}
 t - a potion of brilliance {unknown}


   Skills:
 + Level 2.8 Fighting
 + Level 5.6 Polearms
 + Level 2.3 Throwing
 + Level 1.1 Armour
 + Level 4.3 Dodging
 + Level 0.1 Stealth


You had 3 spell levels left.
You didn't know any spells.
Your spell library contained the following spells:

 Spells                   Type           Power      Damage    Failure   Level
 Dazzling Flash           Conj/Hex       0%         N/A       86%         3
 Iskenderun's Mystic Bla  Conj/Tloc      0%         2d3       99%         4
 Starburst                Conj/Fire      0%         6d3       100%        6


Dungeon Overview and Level Annotations

Branches:
Dungeon (4/15)
 Temple: D:4-7

Altars:
Gozag
Ru


Innate Abilities, Weirdness & Mutations

((You are very nimble when in or above water. (Stealth+, EV+, Speed+++)))
Your lower body shifts to a powerful aquatic tail in water.


Message History

You hear a shout!
There are monsters nearby!
You reach to attack!
You puncture the orc!
You kill the orc!
The orc priest invokes the aid of Beogh against you.
Beogh smites you!
* * * LOW HITPOINT WARNING * * *
You hear a shout!
There are monsters nearby!
You are too injured to fight recklessly!
You are too injured to fight recklessly!
The orc priest casts a cantrip, but nothing happens.
You see here 11 gold pieces.
It was a potion of attraction.
You feel attractive to monsters.
The orc priest is attracted toward you. x2; The orc is attracted toward you.
You hit the orc priest.
The orc priest is lightly wounded.
The orc priest misses you.
The orc priest looks braver for a moment.
A kobold comes into view. It is wielding a +0 short sword.
The kobold is attracted toward you.
You hit the orc priest but do no damage.
The orc priest is lightly wounded.
The orc priest looks encouraged for a moment.
The orc priest is distracted by your dazzling golden aura.
The orc priest shouts!
You hit the orc priest but do no damage.
The orc priest is lightly wounded.
The orc priest hits you with a +0 war axe.
* * * LOW HITPOINT WARNING * * *
You hit the orc priest but do no damage.
The orc priest is lightly wounded.
The orc priest looks encouraged for a moment.
You closely miss the orc priest.
The orc priest is lightly wounded.
The orc priest is no longer distracted by gold.
The orc priest hits you with a +0 war axe!
You die...
Your body crumbles into a pile of gold.

$ #.. ##... ..
#...# # ..#.#.#.#
.#.#.#. .# .....
#.# #
#.#.###.##.##
##.###.#o........
.....$oo@.##.##.#
##.###K##.#...#.#
#. #.......#
#.####...#######
#...............
######...######
##.## ########<#
.........#


You could see 2 orc priests, an orc and a kobold.

Vanquished Creatures
  2 adders (D:3)
  5 dart slugs
  4 orcs
  5 endoplasms
  A giant cockroach (D:1)
  5 goblins
  6 hobgoblins
  4 quokkas
  6 ball pythons
  10 bats
  3 frilled lizards (D:1)
  6 kobolds
  4 rats
61 creatures vanquished.

Notes
Turn   | Place    | Note
-------+----------+-------------------------------------------
     0 | D:1      | Iusername the Merfolk Gladiator began the quest for the
                  | Orb.
     0 | D:1      | Reached XP level 1. HP: 16/16 MP: 1/1
   137 | D:1      | Reached XP level 2. HP: 21/22 MP: 2/2
   302 | D:1      | Reached XP level 3. HP: 28/28 MP: 3/3
   322 | D:1      | Found a faded altar of an unknown god.
  1063 | D:2      | Reached skill level 5 in Polearms
  1488 | D:2      | Reached XP level 4. HP: 34/34 MP: 4/4
  1757 | D:2      | Found a sacrificial altar of Ru.
  2102 | D:3      | Found an opulent altar of Gozag.
  2130 | D:3      | Reached skill level 1 in Armour
  2402 | D:3      | Became a worshipper of Gozag Ym Sagoz the Greedy
  3040 | D:4      | Slain by an orc priest

Illustrated notes

Levels and vault maps discovered:
D:1:      shiori_arrival_maze, layout_basic,
          shapermc_ecumenical_altar_acropolis, glass_columns_a,
          minmay_nonomino_d4
D:2:      layout_basic, basic_altar
D:3:      layout_loops_corners, mainiacjoe_overflow_boulevard,
          minmay_fountain_box
D:4:      layout_loops_ring, nicolae_overflow_hidden_temple,
          minmay_temple_entry_trees, uniq_crazy_yiuf_cottage, uniq_sigmund,
          uniq_blork_the_orc

Skill      XL: |  1  2  3  4 |
---------------+-------------+-----
Polearms       | 5 |  5.6
Armour         | 1 |  1.1
Fighting       | |  2.8
Throwing       | |  2.3
Dodging        | |  4.3
Stealth        | |  0.1

Action                   |  1- 3 |  4- 6 || total
-------------------------+-------+-------++-------
Melee: Trident           |   129 |    55 ||   184
       Punch             |     1 |       ||     1
Throw: Throwing net      |     3 |       ||     3
  Use: Potion            |       |     1 ||     1
 Stab: Held in net/web   |     1 |       ||     1
       Sleeping          |     1 |     1 ||     2
       Distracted        |       |     1 ||     1
Armor: Leather armour    |    29 |    11 ||    40
Dodge: Dodged            |    66 |    26 ||    92

Table legend: (Time is in decaauts)
 A = Elapsed time spent in this place.
 B = Non-inter-level travel time spent in this place.
 C = Inter-level travel time spent in this place.
 D = Time resting spent in this place.
 E = Time spent auto-exploring this place.
 F = Levels seen in this place.
 G = Mean time per level.
                   A        B        C        D        E       F      G
               +--------+--------+--------+--------+--------+-----+--------+
         Total |   3047 |   2986 |     61 |    541 |   2016 |   4 |  761.8 |
       Dungeon |   3047 |   2986 |     61 |    541 |   2016 |   4 |  761.8 |
               +--------+--------+--------+--------+--------+-----+--------+

Top non-repeatable levels by time:
     D:3: 1176 daAuts
     D:1: 1005 daAuts
     D:2: 845 daAuts
     D:4: 19 daAuts
